 Dungeon Crawl Stone Soup version 0.30-a0-739-gea05faddec (webtiles) character file.

Game seed: 3114795803937191693

21904 Leeroy the Carver (level 12, -5/58 HPs)
             Began as a Vine Stalker Warper on Feb 4, 2023.
             Was a High Priest of Wu Jian.
             Slain by a sun demon (15 damage)
             ... in a volcano.
             The game lasted 00:43:03 (13414 turns).

Leeroy the Carver (Vine Stalker Warper)            Turns: 13414, Time: 00:43:04

Health: -5/58      AC: 17    Str: 15    XL:     12   Next: 94%
Magic:  0/28       EV: 11    Int: 13    God:    Wu Jian [*****.]
Gold:   801        SH:  0    Dex: 18    Spells: 21/33 levels left

rFire   . . .      SeeInvis .    O - +4 great sword (freeze)
rCold   . . .      Faith    .    (shield currently unavailable)
rNeg    . . .      Spirit   +    M - +0 swamp dragon scales
rPois   +          Reflect  .    e - +0 helmet
rElec   .          Harm     .    x - +0 cloak
rCorr   .          Rampage  .    y - +0 pair of gloves
Will    +....                    n - +0 pair of boots
Stlth   ++++                     o - amulet of magic regeneration
HPRegen 1.09/turn                A - ring of wizardry
MPRegen 0.61/turn                D - ring of poison resistance

@: no status effects
A: fangs 3, regeneration 1, magic shield, antimagic bite, no potion heal 2,
iridescent scales 1
a: Renounce Religion, Wall Jump, Serpent's Lash, Heavenly Storm


You were in a volcano.
You worshipped Wu Jian.
Wu Jian was extremely pleased with you.
You visited 3 branches of the dungeon, and saw 15 of its levels.
You also visited: Volcano.

You collected 801 gold pieces.

Inventory:

Hand Weapons
 a - a +7 great sword
 j - a +1 dagger of draining
 k - a +4 scimitar
 l - a +2 whip of electrocution
 G - a +2 dagger of speed
 I - a +2 mace of holy wrath
 L - a +2 long sword
 O - a +4 great sword of freezing (weapon)
 S - a +2 whip of electrocution
Missiles
 d - 7 boomerangs of dispersal
 s - 3 boomerangs
 u - 17 poisoned darts (quivered)
 w - 5 atropa-tipped darts
 V - a throwing net
Armour
 b - a +0 leather armour
 e - a +0 helmet (worn)
 n - a +0 pair of boots (worn)
 x - a +0 cloak (worn)
 y - a +0 pair of gloves (worn)
 K - the +6 ring mail of Oggohi {Rampage}
   (You found it on level 6 of the Dungeon)

   Rampage:   It bestows one free step when moving towards enemies.
 M - +0 swamp dragon scales (worn)
 P - a +0 robe of cold resistance
Jewellery
 o - an amulet of magic regeneration (around neck)
 A - a ring of wizardry (left hand)
 D - a ring of poison resistance (right hand)
 N - a ring of protection from fire
 R - a +4 ring of protection
 W - a ring of positive energy
 Y - a ring of positive energy
Wands
 c - a wand of paralysis (10)
 v - a wand of digging (5)
 E - a wand of light (2)
 Q - a wand of polymorph (8)
 U - a wand of flame (17)
Scrolls
 f - 2 scrolls of vulnerability
 g - 2 scrolls of fog
 m - 10 scrolls of teleportation
 p - a scroll of enchant armour
 q - 2 scrolls of poison
 r - a scroll of amnesia
 t - 3 scrolls of fear
 H - a scroll of silence
 T - a scroll of immolation
 X - a scroll of magic mapping
 Z - a scroll of enchant weapon
Potions
 i - 2 potions of attraction
 z - a potion of haste
 B - 5 potions of curing
 C - 3 potions of mutation
 F - 2 potions of brilliance {unknown}
 J - 2 potions of heal wounds {unknown}


   Skills:
 * Level 4.0 Fighting
 - Level 12.1 Long Blades
 - Level 0.8 Throwing
 - Level 8.0 Armour
 - Level 1.9 Dodging
 - Level 10.0 Stealth
 - Level 11.2 Spellcasting
 - Level 3.0 Translocations


You had 21 spell levels left.
You knew the following spells:

 Your Spells              Type           Power      Damage    Failure   Level
a - Blink                 Tloc           30%        N/A       3%          2
b - Vhi's Electric Charg  Tloc/Air       22%        N/A       11%         3
c - Manifold Assault      Tloc           15%        N/A       21%         4
d - Dazzling Flash        Conj/Hex       14%        N/A       21%         3

Your spell library contained the following spells:

 Spells                   Type           Power      Damage    Failure   Level
 Lesser Beckoning         Tloc           30%        N/A       3%          2
 Teleport Other           Tloc           15%        N/A       6%          3
 Summon Ice Beast         Ice/Summ       7%         N/A       52%         4
 Agony                    Necr           7%         N/A       86%         5
 Alistair's Intoxication  Tmut/Pois      4%         N/A       86%         5
 Borgnjor's Vile Clutch   Necr/Erth      3%         N/A       86%         5
 Silence                  Hex/Air        3%         N/A       86%         5
 Summon Mana Viper        Hex/Summ       7%         N/A       86%         5
 Eringya's Noxious Bog    Tmut/Pois      3%         N/A       100%        6
 Monstrous Menagerie      Summ           3%         N/A       100%        7
 Storm Form               Tmut/Air       3%         N/A       100%        7


Dungeon Overview and Level Annotations

Branches:
Dungeon (13/15)              Lair (1/5) D:11            Orc (1/2) D:11
 Vaults (0/5) D:13        Volcano (1/1)
 Temple: D:4-7

Altars:
Ashenzari
Cheibriados
Dithmenos
Gozag
Kikubaaqudgha
Okawaru
Trog
Uskayaw
Vehumet
Wu Jian
Xom

Shops:
D:8 (

Annotations:
D:4 4 runed translucent doors, Crazy Yiuf; drewk1942's ghost, amateur GnWn
D:7 Joseph
D:10 3 runed translucent doors, Fannar; Snorg; mandoloar's ghost, novice GrFi
D:12 2 transporters, Athrin's ghost, journeyman HOFi
D:13 Urug


Innate Abilities, Weirdness & Mutations

You have razor-sharp teeth.
Your natural rate of healing is unusually fast.
When hurt, damage is shared between your health and your magic reserves.
Your bite disrupts and absorbs the magic of your enemies.
Potions cannot restore your health.
You are partially covered in iridescent scales. (AC +2)


Message History

Things that are here:
+0 steam dragon scales; a steam dragon corpse
Things that are here:
+0 steam dragon scales; a steam dragon corpse A steam dragon comes into view.
Your movement speed is average.
Your attack delay is about 1.0.
Your damage rating with your +4 great sword of freezing is about 30 (Base 17 x 120% (Dex) x 131% (Skill) + 4 (Ench)).
A sun demon comes into view.
The sun demon shouts!
You hear an angry hiss.
A steam dragon comes into view.
You slice the steam dragon!! You freeze the steam dragon!
You bite the steam dragon, but do no damage.
The steam dragon is almost dead.
The steam dragon bites you but does no damage.
The steam dragon barely misses you. The steam dragon breathes steam at you.
The ball of steam hits the sun demon.
The sun demon completely resists.
The ball of steam hits you! The steam dragon breathes steam at you.
The ball of steam hits you. The sun demon misses you.
You barely miss the sun demon.
You are engulfed in a cloud of scalding steam.
The sun demon hits you.
You are engulfed in flames!
The steam dragon closely misses you. The steam dragon barely misses you.
The steam dragon breathes steam at you. The ball of steam hits you.
You spin and attack the steam dragon.
You hit the steam dragon. You freeze the steam dragon.
You kill the steam dragon!
The Council accepts your kill.
You are engulfed in a cloud of scalding steam.
Your Fighting skill increases to level 4!
You spin and attack the sun demon.
You hit the sun demon. You freeze the sun demon.
The sun demon is lightly wounded.
The sun demon hits you!!
* * * LOW HITPOINT WARNING * * *
You are engulfed in flames!!
You die...

.##.#.#
§.......##
#.......##
#....§§.##
#.......#
#..§§..# #.§..
##..D§§.# .§§§.#
##..§§3@# .§.§.##
##.§§.§§##
#.....###.§§§.§§#
#.....§§..§.§..#
#≈....§§...§..##
#......#.§§...##
#........§.....#
##.......#......#
.....#####......#


You could see a sun demon and a steam dragon.

Vanquished Creatures
  2 boulder beetles (D:11)
  4 two-headed ogres
  A death yak (D:11)
  Pikel (D:7)
  A deep elf pyromancer (D:12)
  An ugly thing (D:12)
  A manticore (D:12)
  Maurice (D:9)
  Maggie (D:6)
  A gargoyle (D:12)
  2 cane toads (Lair:1)
  A kobold demonologist (D:11)
  2 unseen horrors
  3 trolls (D:11)
  Prince Ribbit (D:6)
  Sigmund (D:5)
  A shadow (D:11)
  A wraith (D:11)
  A vampire (D:11)
  Grum (D:8)
  25 yaks
  A wyvern (D:9)
  2 basilisks (D:12)
  4 steam dragons
  A warg (Orc:1)
  5 water moccasins
  A sky beast (D:8)
  5 orc warriors
  6 black bears
  An ogre (D:5)
  A centaur (D:9)
  12 wolves
  A phantom (D:11)
  4 lemures (D:7)
  Blork the orc (D:6)
  2 kobold brigands (D:11)
  11 bullfrogs
  2 gnoll sergeants
  5 scorpions
  30 wights
  17 killer bees
  An electric eel (D:8)
  6 howler monkeys
  6 orc priests
  4 hounds
  A jelly (D:6)
  3 iguanas
  9 orc wizards
  8 ogre zombies (D:11)
  13 gnolls
  11 adders
  2 shadow imps
  3 white imps
  3 ufetubi
  4 dart slugs
  27 orcs
  9 ball pythons
  11 endoplasms
  2 giant cockroaches
  5 goblins
  12 hobgoblins
  14 jackals
  3 quokkas
  5 bats
  4 frilled lizards
  A goblin skeleton (D:11)
  4 goblin zombies (D:11)
  2 hobgoblin skeletons (D:11)
  4 hobgoblin zombies (D:11)
  5 kobolds
  An orc skeleton (D:11)
  13 orc zombies (D:11)
  6 rats
367 creatures vanquished.

Vanquished Creatures (others)
  A bush (Lair:1)
  40 fungi
  41 plants
82 creatures vanquished.

Grand Total: 449 creatures vanquished

Notes
Turn   | Place    | Note
-------+----------+-------------------------------------------
     0 | D:1      | Leeroy the Vine Stalker Warper began the quest for the Orb.
     0 | D:1      | Reached XP level 1. HP: 11/11 MP: 4/4
    21 | D:1      | Reached skill level 2 in Long Blades
    69 | D:1      | Reached XP level 2. HP: 9/15 MP: 3/6
   355 | D:1      | Reached skill level 3 in Long Blades
   391 | D:1      | Reached XP level 3. HP: 13/18 MP: 5/7
  1086 | D:2      | Reached skill level 1 in Stealth
  1188 | D:2      | Gained mutation: Your natural rate of healing is unusually
                  | fast. [Vine Stalker growth]
  1188 | D:2      | Reached XP level 4. HP: 23/23 MP: 8/8
  1222 | D:2      | Learned a level 2 spell: Blink
  1226 | D:2      | Learned a level 3 spell: Vhi's Electric Charge
  1691 | D:3      | Found an opulent altar of Gozag.
  1906 | D:3      | Reached XP level 5. HP: 17/26 MP: 7/9
  1968 | D:3      | Reached skill level 5 in Stealth
  2234 | D:3      | Found a bloodstained altar of Trog.
  2253 | D:3      | Found an ornate altar of the Wu Jian Council.
  2284 | D:3      | Became a worshipper of the Wu Jian Council
  2492 | D:2      | Reached XP level 6. HP: 28/30 MP: 7/10
  2715 | D:3      | Found a faded altar of an unknown god.
  2715 | D:3      | Found a hide-covered altar of Uskayaw.
  2723 | D:3      | Found a shimmering altar of Xom.
  2726 | D:3      | Found an ancient bone altar of Kikubaaqudgha.
  2728 | D:3      | Found a broken altar of Ashenzari.
  3296 | D:4      | Found a snail-covered altar of Cheibriados.
  3361 | D:4      | Found a runed translucent gate.
  3363 | D:4      | Found a runed translucent gate.
  3364 | D:4      | Found a runed translucent gate.
  3394 | D:4      | Learned a level 4 spell: Manifold Assault
  3500 | D:4      | Found an iron altar of Okawaru.
  3557 | D:4      | Found a runed translucent door.
  3558 | D:4      | Noticed Crazy Yiuf
  3559 | D:4      | You fall into a shaft and drop 1 floor!
  3559 | D:5      | Entered Level 5 of the Dungeon
  3560 | D:5      | Noticed Sigmund
  3663 | D:4      | Reached XP level 7. HP: 34/34 MP: 11/11
  3724 | D:4      | Reached * piety under Wu Jian
  3820 | D:4      | Noticed drewk1942's ghost (amateur GnWn)
  4015 | D:5      | Gained mutation: You are partially covered in iridescent
                  | scales. (AC +2) [potion of mutation]
  4032 | D:5      | Killed Sigmund
  4182 | D:5      | Reached skill level 10 in Stealth
  4293 | D:5      | Reached skill level 4 in Long Blades
  4293 | D:5      | Gained mutation: You have razor-sharp teeth. [Vine Stalker
                  | growth]
  4293 | D:5      | Reached XP level 8. HP: 35/38 MP: 12/12
  4633 | D:5      | Reached skill level 5 in Long Blades
  5161 | D:6      | Noticed Maggie
  5233 | D:6      | Reached ** piety under Wu Jian
  5239 | D:6      | Identified the +6 ring mail of Oggohi {Rampage}
  5301 | D:6      | Reached skill level 6 in Long Blades
  5340 | D:6      | Noticed Prince Ribbit
  5343 | D:6      | Found a radiant altar of Vehumet.
  5362 | D:6      | Killed Prince Ribbit
  5401 | D:6      | Noticed Blork the orc
  5405 | D:6      | Killed Blork the orc
  5406 | D:6      | Reached skill level 7 in Long Blades
  5558 | D:6      | Killed Maggie
  5559 | D:6      | Reached skill level 8 in Long Blades
  5559 | D:6      | Reached XP level 9. HP: 19/42 MP: 5/13
  5860 | D:6      | Reached skill level 1 in Armour
  6230 | D:6      | Killed an unseen horror
  6961 | D:7      | Reached skill level 5 in Armour
  7023 | D:7      | Found a shadowy altar of Dithmenos.
  7082 | D:7      | Noticed Pikel
  7114 | D:7      | Killed Pikel
  7115 | D:7      | Reached XP level 10. HP: 33/46 MP: 14/14
  7313 | D:7      | Noticed Joseph
  7426 | D:8      | Noticed Grum
  7454 | D:8      | Found Lalacl Lakoss's Weapon Boutique.
  7483 | D:8      | Killed Grum
  7948 | D:8      | Identified the +2 chain mail "Anesel" {Slay+5}
  8124 | D:8      | Noticed a two-headed ogre
  8131 | D:8      | Killed a two-headed ogre
  8396 | D:9      | Reached skill level 9 in Long Blades
  8405 | D:9      | Reached *** piety under Wu Jian
  8568 | D:9      | Noticed Maurice
  8587 | D:9      | Killed Maurice
  8670 | D:9      | Reached skill level 10 in Long Blades
  8791 | D:9      | Reached XP level 11. HP: 50/50 MP: 15/15
  9059 | D:10     | Entered Level 10 of the Dungeon
  9095 | D:10     | Noticed a two-headed ogre
  9111 | D:10     | Killed a two-headed ogre
  9245 | D:10     | Learned a level 3 spell: Dazzling Flash
  9319 | D:10     | Reached skill level 11 in Long Blades
  9697 | D:9      | Reached **** piety under Wu Jian
  9898 | D:10     | Found a runed translucent gate.
  9898 | D:10     | Found a runed translucent gate.
  9898 | D:10     | Found a runed translucent gate.
  9904 | D:10     | Noticed mandoloar's ghost (novice GrFi)
  9938 | D:10     | Noticed Fannar
  9986 | D:10     | Reached skill level 12 in Long Blades
 10197 | D:10     | Noticed Snorg
 10267 | D:11     | Found a staircase to the Orcish Mines.
 10532 | D:11     | Reached skill level 5 in Spellcasting
 10583 | D:11     | Noticed a boulder beetle
 10584 | D:11     | Noticed a boulder beetle
 10592 | D:11     | Noticed a two-headed ogre
 10608 | D:11     | Noticed a two-headed ogre
 10781 | D:10     | Reached XP level 12. HP: 54/54 MP: 22/22
 11067 | D:11     | Reached ***** piety under Wu Jian
 11100 | D:11     | Killed a two-headed ogre
 11162 | D:11     | Found a staircase to the Lair.
 11332 | D:11     | Killed a boulder beetle
 11462 | D:11     | Killed a two-headed ogre
 11602 | D:11     | Killed a boulder beetle
 11963 | Lair:1   | Entered Level 1 of the Lair of Beasts
 12097 | Lair:1   | Reached skill level 10 in Spellcasting
 12341 | Lair:1   | Noticed a death yak
 12366 | Lair:1   | Noticed a death yak
 12366 | Lair:1   | Noticed a death yak
 12367 | Lair:1   | Noticed a death yak
 12367 | Lair:1   | Noticed a death yak
 12382 | Lair:1   | Noticed a death yak
 12491 | D:11     | Killed a death yak
 12781 | D:12     | Noticed Athrin's ghost (journeyman HOFi)
 12781 | D:12     | Noticed a catoblepas
 13004 | D:12     | Found a transporter.
 13016 | D:12     | Found a transporter.
 13186 | D:13     | Noticed a two-headed ogre
 13186 | D:13     | Noticed Urug
 13186 | D:13     | Noticed a centaur warrior
 13186 | D:13     | Found a gate to the Vaults.
 13187 | D:13     | Noticed a seven-headed hydra
 13256 | Orc:1    | Entered Level 1 of the Orcish Mines
 13295 | Orc:1    | Noticed an ettin
 13296 | Orc:1    | Noticed an orc warlord
 13308 | Orc:1    | Found a dark tunnel.
 13324 | Volcano  | Entered a volcano
 13408 | Volcano  | Noticed a sun demon
 13414 | Volcano  | Slain by a sun demon

Illustrated notes

Levels and vault maps discovered:
D:1:      lemuel_arrival_hallway, layout_loops_corners, minmay_ruptured
D:2:      layout_loops_cross
D:3:      minmay_recursive_quarters, layout_basic,
          mainiacjoe_overflow_boulevard, mainiacjoe_overflow_alcove_1,
          bloody_trog, chequers_temple_overflow_minitemple
D:4:      layout_rooms, okawaru_metal_pillars_1_2,
          mainiacjoe_overflow_cross_hatched, gammafunk_ghost_necromancy,
          uniq_crazy_yiuf_cottage
D:5:      layout_loops_ring, sigmund_army, uniq_sigmund
D:6:      kennysheep_big_flooded_room, layout_basic, general_overflow_altar,
          uniq_maggie, uniq_blork_the_orc, uniq_prince_ribbit1
D:7:      layout_basic, mainiacjoe_overflow_six_doors_small,
          minmay_temple_entry_statues_fountains, uniq_pikel, uniq_joseph
D:8:      layout_basic, serial_shops, nicolae_shop_behind_doors, minivault_4,
          uniq_grum
D:9:      layout_loops_ring, uniq_maurice
D:10:     layout_irregular_city, gammafunk_ghost_spectres, grunt_ministairs_10,
          uniq_fannar, uniq_snorg
D:11:     layout_cave_pools, due_lair_maze_entry_diamond, zombieorc2_lemuel
D:12:     layout_grid_maze, gammafunk_ghost_berserking_beasts
D:13:     layout_long_grid, david_vaults_3, minmay_between
Lair:1:   layout_small_grid, lemuel_fruit_fields, grunt_megastairs_2,
          lemuel_fruit_tree
Orc:1:    layout_diamond_mine, special_room [special_room_bee],
          nicolae_volcano_entry_lava_flow, bh_open_orc_temple
Volcano:  hellmonk_smoking_crater

Skill      XL: |  1  2  3  4  5  6  7  8  9 10 11 12 |
---------------+-------------------------------------+-----
Long Blades    | 2 3 4 8 10 12 | 12.1
Stealth        | 2 4 6 8 10 | 10.0
Armour         | 6 8 |  8.0
Spellcasting   | 6 11 | 11.2
Fighting       | 4 |  4.0
Throwing       | |  0.8
Dodging        | |  1.9
Translocations | |  3.0

Action                     |  1- 3 |  4- 6 |  7- 9 | 10-12 || total
---------------------------+-------+-------+-------+-------++-------
  Melee: Falchion          |    79 |       |       |       ||    79
         Bite              |    17 |    57 |   164 |   238 ||   476
         Punch             |     1 |     2 |    11 |     3 ||    17
         Dagger            |    23 |   225 |   500 |   223 ||   971
         Great sword       |       |       |    11 |   580 ||   591
  Throw: Dart              |       |     2 |     8 |     1 ||    11
   Cast: Blink             |       |     2 |       |    13 ||    15
         Vhi's Electric Ch |       |       |     1 |     3 ||     4
         Dazzling Flash    |       |       |       |     5 ||     5
 Invoke: Serpent's Lash    |       |       |       |     1 ||     1
Ability: Lunge             |       |    11 |    31 |    41 ||    83
         Whirlwind         |       |       |     7 |   179 ||   186
         Wall Jump         |       |       |       |     4 ||     4
  Evoke: Wand              |       |       |     4 |     9 ||    13
    Use: Potion            |       |     2 |     2 |     2 ||     6
         Scroll            |       |     1 |     1 |    17 ||    19
   Stab: Sleeping          |     4 |    16 |    11 |    11 ||    42
         Invisible         |       |       |     3 |     6 ||     9
         Distracted        |       |       |       |     2 ||     2
 Armour: Leather armour    |    50 |    87 |    74 |       ||   211
         Swamp dragon scal |       |       |    71 |   458 ||   529
  Dodge: Dodged            |    66 |   105 |   150 |   487 ||   808

Table legend: (Time is in decaauts)
 A = Elapsed time spent in this place.
 B = Non-inter-level travel time spent in this place.
 C = Inter-level travel time spent in this place.
 D = Time resting spent in this place.
 E = Time spent auto-exploring this place.
 F = Levels seen in this place.
 G = Mean time per level.
                   A        B        C        D        E       F      G
               +--------+--------+--------+--------+--------+-----+--------+
         Total |  13194 |  12366 |    828 |   1566 |   7097 |  16 |  824.6 |
       Dungeon |  12538 |  11710 |    828 |   1425 |   6928 |  13 |  964.5 |
          Lair |    497 |    497 |      0 |    141 |    106 |   1 |  497.0 |
  Orcish Mines |     69 |     69 |      0 |      0 |      0 |   1 |   69.0 |
       Volcano |     89 |     89 |      0 |      0 |     63 |   1 |   89.0 |
               +--------+--------+--------+--------+--------+-----+--------+

Top non-repeatable levels by time:
     D:6: 1563 daAuts
     D:3: 1326 daAuts
    D:10: 1299 daAuts
     D:1: 1197 daAuts
     D:9: 1193 daAuts
     D:5: 1131 daAuts
    D:11: 1103 daAuts
     D:8: 1013 daAuts
     D:2: 796 daAuts
    D:12: 767 daAuts
     D:4: 678 daAuts
  Lair:1: 497 daAuts
     D:7: 465 daAuts
 Volcano: 89 daAuts
   Orc:1: 69 daAuts
